 Dungeon Crawl Stone Soup version 0.21-a0-531-gacddea6 (webtiles) character file.

904 slep the Chopper (level 8, -11/40 HPs)
             Began as a Vine Stalker Gladiator on Dec 13, 2017.
             Mangled by a small abomination (14 damage)
             ... summoned by the severe capriciousness of Xom
             ... on level 5 of the Dungeon.
             The game lasted 00:20:37 (3174 turns).

slep the Chopper (Vine Stalker Gladiator)           Turns: 3174, Time: 00:20:38

Health: -11/40     AC:  5    Str: 22    XL:     8   Next: 8%
Magic:  0/9        EV: 14    Int:  4    God:
Gold:   233        SH:  0    Dex: 17    Spells: 7/7 levels left

rFire    . . .     SeeInvis +   a - +0 war axe
rCold    . . .     Gourm    .   (no shield)
rNeg     . . .     Faith    .   E - +0 steam dragon scales
rPois    .         Spirit   +   c - +0 helmet
rElec    +         Reflect  .   (no cloak)
rCorr    .         Harm     .   (no gloves)
MR       +....                  I - +0 pair of boots
Stlth    ++........             y - amulet "Kiedu" {RegenMP +Blink rElec Int-5 Slay+6}
HPRegen  0.53/turn              l - +5 ring of strength
MPRegen  0.36/turn              B - ring of see invisible

@: no status effects
A: fangs 3, deformed body, regeneration 1, magic shield, antimagic bite, no
potion heal 3, rot immunity
a: Evoke Blink


You were on level 5 of the Dungeon.
You were hungry.

You visited 1 branch of the dungeon, and saw 5 of its levels.

You collected 291 gold pieces.
You spent 58 gold pieces at shops.

Inventory:

Hand Weapons
 a - a +0 war axe (weapon)
 w - a +0 blowgun
Missiles
 d - 3 throwing nets (quivered)
 x - 14 poisoned needles
Armour
 b - a +0 leather armour
 c - a +0 helmet (worn)
 r - a +0 ring mail
 E - +0 steam dragon scales (worn)
 I - a +0 pair of boots (worn)
Jewellery
 l - a +5 ring of strength (left hand)
 m - an uncursed ring of stealth
 o - an uncursed ring of protection from magic
 y - the amulet "Kiedu" (around neck) {RegenMP +Blink rElec Int-5 Slay+6}
   (Xom gifted it to you on level 3 of the Dungeon)

   [amulet of magic regeneration]

   It increases your magic regeneration.
   It affects your intelligence (-5).
   It affects your accuracy and damage with ranged weapons and melee attacks
   (+6).
   It insulates you from electricity.
   It lets you blink.
 B - a ring of see invisible (right hand)
Scrolls
 e - 2 scrolls of remove curse {unknown}
 h - 3 scrolls of enchant weapon {unknown}
 j - 4 scrolls of identify {unknown}
 k - a scroll of amnesia {unknown}
 q - a scroll of fog {unknown}
 s - a scroll of immolation {unknown}
 v - a scroll of magic mapping {unknown}
 A - a scroll of noise {unknown}
 D - a scroll of teleportation {unknown}
Potions
 g - a potion of cancellation {unknown}
 i - 2 potions of heal wounds
 t - a potion of mutation {unknown}
 u - a potion of degeneration {unknown}
 z - 2 potions of lignification {unknown}
 C - 2 potions of brilliance {unknown}
 G - a potion of berserk rage {unknown}
Comestibles
 f - 2 bread rations
 n - a royal jelly
 p - 2 fruits
 F - a meat ration


   Skills:
 + Level 3.2 Fighting
 + Level 6.4 Axes
 + Level 1.8 Throwing
 + Level 3.1 Armour
 + Level 3.4 Dodging
 + Level 2.3 Stealth


You had 7 spell levels left.
You didn't know any spells.

Dungeon Overview and Level Annotations

Branches:
Dungeon (5/15)
 Temple: D:4-7

Altars:
Dithmenos
Makhleb
Xom
Yredelemnul

Shops:
D:5 }*:

Annotations:
D:5 Eustachio, Prince Ribbit


Innate Abilities, Weirdness & Mutations

You have razor-sharp teeth.
Your natural rate of healing is unusually fast.
When hurt, damage is shared between your health and your magic reserves.
Your bite disrupts and absorbs the magic of your enemies.
Potions cannot restore your health.
You are immune to rotting.
Armour fits poorly on your strangely shaped body.


Message History

The small abomination is almost destroyed.
You slash the small abomination!
The small abomination barely misses you.
The small abomination closely misses you.
The small abomination barely misses you.
You hit the small abomination but do no damage.
You bite the small abomination, but do no damage.
The small abomination is almost destroyed.
You hit the small abomination but do no damage.
The small abomination misses you.
The small abomination hits you but does no damage.
You completely miss the small abomination.
You bite the small abomination. You drain its power.
You destroy the small abomination!
You slash the small abomination! The small abomination hits you!
* * * LOW HITPOINT WARNING * * *
The small abomination hits you.
* * * LOW HITPOINT WARNING * * *
The small abomination hits you!
You die...

...#.....# #......... ...#.....#
#............ ...#.....#
#........... '###.....#
#.......... ...#.....#
#....##...# ...'.....#
#....##...###
...#.....#######...##.....#
...#.......#..##...##.....#
...#.......'....@x.÷......#
...#.......#.......##...########
.<.#.......#.......##...#.......
...#.......#.......+............
...#.......##+#######...P.......
...#.$...... ......#..P∩P......
...+......... ......##..PP.......
...#.......................#####.
...#......................#....#.


You could see a small abomination.

Vanquished Creatures
  The ghost of drazt1k the Magician, a novice OpWz (D:4)
  Duvessa (D:5)
  A phantom (D:4)
  Dowan (D:5)
  The ghost of slep the Chopper, a weakling VSGl (D:3)
  An orc priest (D:5)
  2 hounds
  2 orc wizards
  4 worker ants (D:5)
  3 adders
  An ooze (D:4)
  2 adder skeletons
  3 worms (D:3)
  6 leopard geckos
  15 orcs
  7 giant cockroaches
  8 goblins
  8 hobgoblins
  6 jackals
  4 kobolds
  2 quokkas
  10 bats
  8 frilled lizards
  5 rats
102 creatures vanquished.

Notes
Turn   | Place    | Note
-------+----------+-------------------------------------------
     0 | D:1      | slep the Vine Stalker Gladiator began the quest for the Orb.
     0 | D:1      | Reached XP level 1. HP: 11/11 MP: 2/2
    69 | D:1      | Reached XP level 2. HP: 8/15 MP: 1/3
   144 | D:1      | Reached skill level 3 in Axes
   193 | D:1      | Reached XP level 3. HP: 3/18 MP: 2/4
   617 | D:2      | Found a faded altar of an unknown god.
   620 | D:2      | Became a worshipper of The Xom-Meister, Xom-o-Rama
   709 | D:2      | Fell from the grace of Xom
   729 | D:2      | Found a shimmering altar of Xom.
   732 | D:2      | Found a burning altar of Makhleb.
  1071 | D:2      | Reached skill level 1 in Armour
  1137 | D:2      | Found a basalt altar of Yredelemnul.
  1310 | D:3      | Found a shadowy altar of Dithmenos.
  1358 | D:3      | Gained mutation: Your natural rate of healing is unusually fast. [Vine Stalker growth]
  1358 | D:3      | Reached XP level 4. HP: 16/23 MP: 5/5
  1447 | D:3      | Reached skill level 1 in Stealth
  1465 | D:3      | XOM: 6-stop teleportation journey
  1631 | D:3      | XOM: god gift: slimy graven amulet {god gift}
  1632 | D:3      | Got a slimy graven amulet {god gift}
  1633 | D:3      | Identified the amulet "Kiedu" {RegenMP +Blink rElec Int-5 Slay+6} (Xom gifted it to you on level 3 of the Dungeon)
  1840 | D:3      | Noticed slep's ghost (weakling VSGl)
  1886 | D:4      | XOM: give mutation
  1886 | D:4      | Gained mutation: Armour fits poorly on your strangely shaped body. [Xom's mischief]
  1907 | D:4      | Reached XP level 5. HP: 26/26 MP: 6/6
  1911 | D:4      | Reached skill level 4 in Axes
  2159 | D:4      | XOM: stat loss: -3 Dex (13/16)
  2237 | D:4      | XOM: scenery: create altars
  2245 | D:4      | Noticed a phantom
  2253 | D:4      | Killed a phantom
  2253 | D:4      | Reached XP level 6. HP: 25/32 MP: 7/7
  2306 | D:4      | Noticed drazt1k's ghost (novice OpWz)
  2328 | D:5      | Entered Level 5 of the Dungeon
  2340 | D:5      | Found a shimmering altar of Xom.
  2376 | D:5      | Found Goask's Book Shoppe.
  2419 | D:5      | Noticed Duvessa
  2426 | D:5      | Noticed Dowan
  2477 | D:5      | Reached skill level 5 in Axes
  2480 | D:5      | Killed Duvessa
  2480 | D:5      | Reached XP level 7. HP: 24/35 MP: 8/8
  2490 | D:5      | Killed Dowan
  2565 | D:5      | Found Dinailan's Assorted Antiques.
  2574 | D:5      | Bought a scroll labeled FIDGHA NEDGHE for 29 gold pieces
  2574 | D:5      | Bought a scroll labeled OCE OPUCECZAHU for 29 gold pieces
  2598 | D:5      | Noticed Eustachio
  2658 | D:5      | Found Usiqo's Gadget Shoppe.
  2692 | D:5      | Noticed Prince Ribbit
  2721 | D:3      | Killed slep's ghost
  3016 | D:4      | Killed drazt1k's ghost
  3016 | D:4      | Reached skill level 6 in Axes
  3016 | D:4      | Gained mutation: You have razor-sharp teeth. [Vine Stalker growth]
  3016 | D:4      | Reached XP level 8. HP: 36/40 MP: 9/9
  3166 | D:5      | XOM: medium Summ miscast
  3167 | D:5      | Noticed a small abomination
  3174 | D:5      | Mangled by a small abomination

Vault maps used:
D:1:      minmay_arrival_semitransparent, minmay_pentomino_t4
D:2:      nicolae_overflow_hidden_temple, lemuel_coloured_pillars_altar,
          chequers_ecumenical_altar_simple
D:3:      grunt_dithmenos_smoke, first_bread
D:5:      serial_shops, shop, nicolae_shop_crystal,
          nicolae_shop_overgrown_old_shop, shop, minmay_misc_feat_pillars,
          lemuel_statue_altar, uniq_duvessa, uniq_ijyb, uniq_prince_ribbit1,
          uniq_grinder, uniq_eustachio

Skill      XL: |  1  2  3  4  5  6  7 |
---------------+----------------------+-----
Fighting       | 2 3 |  3.2
Axes           | 3 4 5 6 |  6.4
Armour         | 1 2 3 |  3.1
Stealth        | 1 2 |  2.3
Dodging        | 3 |  3.4
Throwing       | |  1.8

Action                   |  1- 3 |  4- 6 |  7- 9 || total
-------------------------+-------+-------+-------++-------
Melee: War axe           |    97 |    97 |    33 ||   227
       Bite              |    26 |    39 |    12 ||    77
Invok: Renounce Religion |     1 |       |       ||     1
  Use: Potion            |       |       |     1 ||     1
 Stab: Sleeping          |     4 |     1 |       ||     5
  Eat: Chunk             |       |     5 |     2 ||     7
Armor: Leather armour    |    22 |       |       ||    22
       Ring mail         |    12 |    26 |       ||    38
       Steam dragon scal |       |     1 |     3 ||     4
Dodge: Dodged            |    80 |    62 |    28 ||   170

Table legend:
 A = Spawn XP
 B = Non-spawn XP
 C = Spawn XP percentage of total XP
 D = Spawn monster count
 E = Non-spawn monster count
 F = Spawn count percentage of total count
 G = Total turns spent on level
                    A         B        C        D         E        F      G
               +---------+---------+-------+---------+---------+-------+---------
         Total |       0 |    1292 |   0.0 |       0 |     102 |   0.0 |  3174
               +---------+---------+-------+---------+---------+-------+---------
           D:1 |       0 |      46 |   0.0 |       0 |      26 |   0.0 |   617
           D:2 |       0 |      26 |   0.0 |       0 |      11 |   0.0 |   708
           D:3 |       0 |     140 |   0.0 |       0 |      34 |   0.0 |   816
           D:4 |       0 |     582 |   0.0 |       0 |      18 |   0.0 |   626
           D:5 |       0 |     498 |   0.0 |       0 |      13 |   0.0 |   407
               +---------+---------+-------+---------+---------+-------+---------
